 Dungeon Crawl Stone Soup version 0.30-a0-364-gf6b3ef1049 (webtiles) character file.

Game seed: 12746002439591870889

59 Devinter the Caller (level 3, -1/26 HPs)
             Began as a Demigod Summoner on Nov 16, 2022.
             Slain by a quokka (4 damage)
             ... on level 2 of the Dungeon.
             The game lasted 00:06:58 (1029 turns).

Devinter the Caller (Demigod Summoner)              Turns: 1029, Time: 00:06:59

Health: -1/26      AC:  2    Str:  9    XL:     3   Next: 54%
Magic:  7/9        EV: 12    Int: 21    God:
Gold:   91         SH:  0    Dex: 14    Spells: 4/7 levels left

rFire   . . .      SeeInvis .    c - +0 spear
rCold   . . .      Faith    .    (no shield)
rNeg    . . .      Spirit   .    a - +0 robe
rPois   .          Reflect  .    (no helmet)
rElec   .          Harm     .    (no cloak)
rCorr   .          Rampage  .    (no gloves)
Will    .....                    (no boots)
Stlth   ++........               (no amulet)
HPRegen 0.24/turn                (no ring)
MPRegen 0.11/turn                (no ring)

@: no status effects
A: high MP 1, forlorn, divine attributes
a: no special abilities


You were on level 2 of the Dungeon.
You visited 1 branch of the dungeon, and saw 2 of its levels.

You collected 91 gold pieces.

Inventory:

Hand Weapons
 c - a +0 spear (weapon)
Armour
 a - a +0 robe (worn)
Scrolls
 d - a scroll of identify {unknown}
 f - a scroll of vulnerability {unknown}
 g - 2 scrolls of teleportation {unknown}
 h - a scroll of enchant armour {unknown}
 i - a scroll of fear {unknown}
Potions
 b - a potion of magic
 e - a potion of haste {unknown}


   Skills:
 - Level 2.0 Dodging
 - Level 2.0 Stealth
 + Level 2.5 Spellcasting
 + Level 4.3 Summonings


You had 4 spell levels left.
You knew the following spells:

 Your Spells              Type           Power      Damage    Failure   Level
a - Summon Small Mammal   Summ           80%        N/A       2%          1
b - Call Imp              Summ           20%        N/A       3%          2

Your spell library contained the following spells:

 Spells                   Type           Power      Damage    Failure   Level
 Call Canine Familiar     Summ           20%        N/A       7%          3
 Summon Guardian Golem    Hex/Summ       11%        N/A       17%         3
 Summon Lightning Spire   Summ/Air       11%        N/A       50%         4


Dungeon Overview and Level Annotations

Branches:
Dungeon (2/15)


Innate Abilities, Weirdness & Mutations

You have an increased reservoir of magic. (+10% MP)
You shall have no god before yourself.
Your divine heritage dramatically boosts your attributes as you level up.


Message History

The quokka bites you but does no damage.
Your quokka barely misses the quokka.
The quokka barely misses you.
You closely miss the quokka.
Your crimson imp blinks!
Your quokka misses the quokka. The quokka barely misses you.
You hit the quokka but do no damage.
Your quokka barely misses the quokka.
The quokka bites you.
* * * LOW HITPOINT WARNING * * *
Your quokka barely misses the quokka.
You miss the quokka.
Your crimson imp disappears in a puff of smoke!
The quokka closely misses you.
Your quokka closely misses the quokka.
The quokka bites you but does no damage.
Casting: Summon Small Mammal (safe; 2% risk of failure)
Confirm with . or Enter, or press ? or * to list all spells.
A beastly little devil appears in a puff of flame.
Your quokka closely misses the quokka.
The quokka bites you but does no damage.
You swap places.
The quokka bites your crimson imp.
Your crimson imp blinks!
Reach: c) +0 spear
Press: ? - help, Dir - move target, f - quokka
Aim: a quokka (about 50% to evade your +0 spear)
You reach to attack!
You barely miss the quokka. You hit the quokka but do no damage.
The quokka bites you.
* * * LOW HITPOINT WARNING * * *
Your quokka closely misses the quokka.
The quokka misses you.
You hit the quokka.
The quokka is heavily wounded.
Your quokka barely misses the quokka.
The quokka barely misses you.
You miss the quokka.
The quokka is heavily wounded.
Your quokka bites the quokka.
The quokka misses you.
Your quokka misses the quokka. You barely miss the quokka.
The quokka is almost dead.
The quokka bites you.
* * * LOW HITPOINT WARNING * * *
Your quokka closely misses the quokka.
The quokka bites you.
You die...

###.#### #(.# ##.#
###.### # #.....# .#
#.###.###### ..# #.#
#......## ..
#.###.####..#####.#.#
#..>..# #.....r@....#
####### #.###r###.###
#.# #.....#
#.###.##### #...†.#
###.### #...# #...#
#...#


You could see a quokka (ally target) and a friendly quokka (summoned).

Vanquished Creatures
  Natasha (D:2)
  A bat (D:1)
  A hobgoblin (D:1)
  7 jackals (D:1)
  A quokka (D:1)
  A ball python (D:1)
  2 frilled lizards (D:1)
  A goblin (D:1)
  A rat (D:1)
16 creatures vanquished.

Vanquished Creatures (collateral kills)
  An adder (D:2)
  A hobgoblin (D:1)
  5 jackals (D:1)
7 creatures vanquished.

Grand Total: 23 creatures vanquished

Notes
Turn   | Place    | Note
-------+----------+-------------------------------------------
     0 | D:1      | Devinter the Demigod Summoner began the quest for the Orb.
     0 | D:1      | Reached XP level 1. HP: 14/14 MP: 5/5
   194 | D:1      | Reached skill level 2 in Stealth
   195 | D:1      | Reached skill level 2 in Dodging
   195 | D:1      | Reached skill level 2 in Spellcasting
   405 | D:1      | Reached XP level 2. HP: 10/20 MP: 7/7
   432 | D:1      | Reached skill level 4 in Summonings
   482 | D:1      | Learned a level 2 spell: Call Imp
   928 | D:2      | Reached XP level 3. HP: 20/26 MP: 6/9
   998 | D:2      | Noticed Natasha
  1009 | D:2      | Killed Natasha
  1029 | D:2      | Slain by a quokka

Illustrated notes

Levels and vault maps discovered:
D:1:      wheals_arrival_linesprint, layout_basic, grunt_decor_mini_mirrors
D:2:      layout_loops_cross, uniq_natasha, uniq_terence

Skill      XL: |  1  2 |
---------------+-------+-----
Stealth        | 2 |  2.0
Dodging        | 2 |  2.0
Spellcasting   | 2 |  2.5
Summonings     | 4 |  4.3

Action                   || total
-------------------------++-------
Melee: Spear             ||    73
       Unarmed           ||    17
 Cast: Summon Small Mamm ||     5
       Call Imp          ||     4
 Stab: Sleeping          ||     2
Armor: Robe              ||    25
Dodge: Dodged            ||    88

Table legend: (Time is in decaauts)
 A = Elapsed time spent in this place.
 B = Non-inter-level travel time spent in this place.
 C = Inter-level travel time spent in this place.
 D = Time resting spent in this place.
 E = Time spent auto-exploring this place.
 F = Levels seen in this place.
 G = Mean time per level.
                   A        B        C        D        E       F      G
               +--------+--------+--------+--------+--------+-----+--------+
         Total |   1036 |    969 |     67 |    256 |    204 |   2 |  518.0 |
       Dungeon |   1036 |    969 |     67 |    256 |    204 |   2 |  518.0 |
               +--------+--------+--------+--------+--------+-----+--------+

Top non-repeatable levels by time:
     D:1: 924 daAuts
     D:2: 111 daAuts
